Map: Moondance

Players

LunaSea

  • Race: Protoss Protoss
  • Spawn Location: 12:00

PattyMac - Winner!

  • Race: Protoss Protoss
  • Spawn Location: 6:00

Event: DreamHack SC2 Masters 2022 Atlanta (Offline)

VOD

Have the link to the VOD?

Description

Time

  • Played on: Nov. 18, 2022, 11:50 a.m.
  • Length: 5:28

All games in this series

Show
View Real Time Build Order
Export as new Build Order

LunaSea Protoss 

Build Orders:  

Get SALT Encoding   

  12  0:05  Probe (Chrono Boost)  
  13  0:11  Probe (Chrono Boost)  
  14  0:17  Pylon  
  14  0:21  Probe  
  15  0:36  Probe  
  15  0:38  Forge  
  16  0:48  Probe  
  17  0:52  Pylon  
  17  1:11  Photon Cannon  
  17  1:22  Pylon  
  17  1:44  Probe  
  16  1:56  Probe  
  17  2:09  Probe  
  18  2:20  Photon Cannon  
  18  2:22  Photon Cannon x2  
  18  2:24  Photon Cannon  
  18  2:31  Pylon  
  17  2:39  Pylon  
  16  2:59  Pylon  
  16  3:01  Probe  
  17  3:07  Photon Cannon  
  17  3:09  Photon Cannon  
  16  3:24  Probe  
  17  3:36  Pylon  
  17  3:39  Pylon  
  16  4:00  Photon Cannon x2  
  16  4:02  Photon Cannon x2  
  15  4:04  Pylon  
  15  4:06  Probe  
  15  4:18  Probe  
  16  4:30  Probe  
  17  4:40  Photon Cannon  
  17  4:41  Photon Cannon  
  17  4:42  Photon Cannon  
  17  4:43  Photon Cannon  
  17  4:44  Pylon  
  17  4:45  Photon Cannon  
  17  4:55  Pylon  
  16  5:02  Photon Cannon  
  16  5:06  Probe  
Show
View Real Time Build Order
Export as new Build Order

PattyMac Protoss - Winner!

Build Orders:  

Get SALT Encoding   

  12  0:00  Probe  
  13  0:12  Probe  
  14  0:17  Pylon  
  14  0:25  Probe (Chrono Boost)  
  16  0:36  Gateway  
  16  0:37  Probe (Chrono Boost)  
  16  0:42  Probe (Chrono Boost)  
  16  0:45  Assimilator  
  17  0:52  Probe (Chrono Boost)  
  17  0:53  Assimilator  
  19  1:04  Probe (Chrono Boost)  
  19  1:06  Gateway  
  19  1:13  Probe (Chrono Boost)  
  20  1:18  Probe  
  20  1:22  Pylon  
  21  1:26  Cybernetics Core  
  21  1:49  Assimilator  
  21  1:54  Assimilator  
  21  1:58  Pylon  
  21  2:03  Pylon  
  21  2:07  Adept (Chrono Boost)  
  23  2:16  Probe  
  26  2:23  Stalker (Chrono Boost)  
  26  2:32  Shield Battery  
  26  2:39  Stalker  
  28  2:57  Cybernetics Core  
  28  3:19  Probe, Pylon  
  27  3:28  Gateway  
  27  3:31  Gateway  
  27  3:33  Warp Gate  
  27  3:51  Assimilator  
  27  3:54  Stargate  
  27  4:14  Shield Battery  
  27  4:15  Stalker (Chrono Boost)  
  27  4:17  Shield Battery, Stalker (Chrono Boost)  
  27  4:18  Shield Battery  
  31  4:37  Pylon  
  31  4:49  Stalker  
  31  4:50  Stalker  
  35  5:05  Assimilator  
  38  5:13  Pylon  
  38  5:19  Pylon  
Tags
 
Add a new tag
Caveats
  • Supply blocks, unpowered buildings, or Contaminate may cause inaccurate times.
  • Supply counts are checked every 10 seconds.